 Dungeon Crawl Stone Soup version 0.20-a0-450-g4cf9236 (webtiles) character file.

213 FitzyFitz the Slasher (level 5, -1/54 HPs)
             Began as a High Elf Warper on Dec 20, 2016.
             Slain by an iguana (7 damage)
             ... on level 4 of the Dungeon.
             The game lasted 00:07:05 (4261 turns).

FitzyFitz the Slasher (High Elf Warper)             Turns: 4261, Time: 00:07:05

Health: -1/54      AC: 22    Str: 10    XL:     5   Next: 59%
Magic:  6/9        EV:  2    Int: 18    God:
Gold:   207        SH:  0    Dex: 14    Spells: 4/8 levels left

rFire  . . .     SeeInvis .     a - +0 falchion
rCold  . . .     Gourm    .     (armour currently unavailable)
rNeg   + + +     Faith    .     (no shield)
rPois  +         Spirit   .     (helmet currently unavailable)
rElec  .         Reflect  .     (cloak currently unavailable)
rCorr  .         Harm     .     (gloves currently unavailable)
MR     .....     NoTele   +     (boots currently unavailable)
Stlth  ++........               (no amulet)
                                (no ring)
                                r - ring of stealth (curse)

@: tree-form, very slightly contaminated
A: no striking features
a: no special abilities


You were on level 4 of the Dungeon.
You were not hungry.
You were a tree.
You visited 1 branch of the dungeon, and saw 4 of its levels.

You collected 207 gold pieces.

Inventory:

Hand Weapons
 a - a +0 falchion (weapon)
 b - a +0 hunting sling
 w - a +0 dagger of electrocution
Missiles
 e - 2 tomahawks of dispersal (quivered)
 g - 251 stones
 h - 61 arrows
 i - 22 sling bullets
 l - 12 tomahawks
Armour
 o - a +0 leather armour (melded)
Jewellery
 r - a cursed ring of stealth (left branch)
Scrolls
 d - a scroll of blinking
 j - a scroll of enchant weapon {unknown}
 k - 2 scrolls of random uselessness {unknown}
 n - 4 scrolls of identify {unknown}
 q - a scroll of remove curse {unknown}
 s - 2 scrolls of teleportation {unknown}
 t - a scroll of amnesia {unknown}
 x - a scroll of magic mapping {unknown}
 y - a scroll of noise {unknown}
Potions
 p - a potion of resistance {unknown}
 u - a potion of flight {unknown}
Books
 c - a book of Spatial Translocations

   Spells                             Type                      Level
   a - Blink                          Translocation                2
   b - Shroud of Golubria             Charms/Translocation         2
   c - Lesser Beckoning               Translocation                3
   d - Portal Projectile              Translocation                3
   e - Teleport Other                 Translocation                3
   f - Passage of Golubria            Translocation                4
Comestibles
 f - 3 bread rations
 v - a royal jelly
 z - a beef jerky
 A - a chunk of flesh


   Skills:
 + Level 3.5 Fighting
 + Level 6.1 Long Blades
 - Level 1.0 Throwing
 - Level 0.8 Armour
 - Level 2.1 Dodging
 - Level 2.4 Spellcasting
 + Level 3.2 Translocations


You had 4 spell levels left.
You knew the following spells:

 Your Spells              Type           Power        Failure   Level  Hunger
a - Blink                 Tloc           N/A          10%         2    ##.....
b - Shroud of Golubria    Chrm/Tloc      #.........   14%         2    ##.....


Dungeon Overview and Level Annotations

Branches:
Dungeon (4/15)
 Temple: D:4-7

Altars:
Dithmenos
Fedhas
Makhleb
Nemelex Xobeh
Okawaru
Trog
Vehumet
Zin


Message History

Your +0 leather armour melds into your body.
Your roots penetrate the ground.
The iguana bites you.
* * * LOW HITPOINT WARNING * * *
You hit the iguana but do no damage.
The iguana is heavily wounded.
The iguana bites you.
* * * LOW HITPOINT WARNING * * *
You hit the iguana but do no damage.
The iguana is heavily wounded.
The iguana bites you but does no damage.
You hit the iguana but do no damage.
The iguana is heavily wounded.
The iguana bites you but does no damage.
You hit the iguana but do no damage.
The iguana is heavily wounded.
The iguana bites you but does no damage.
You hit the iguana but do no damage.
The iguana is heavily wounded.
The iguana bites you!
You die...

#.#.# #.# #.##..
#.#.###.####.######
######.#...#.#.........#
#..........#.#.##.####.#
...............##.####
................>....#.
.........#.............
..######.........###.
..# ##########♣# .. ...
...## #l# .. ...
......####.# .#.#
.....l.....#
......###### ..... ..l(
.a. ..


You could see an iguana.

Vanquished Creatures
  An ogre (D:4)
  4 adders
  2 dart slugs
  2 leopard geckos
  10 orcs
  5 giant cockroaches
  7 goblins
  12 hobgoblins
  5 jackals
  10 bats
  A frilled lizard (D:3)
  5 kobolds
  6 rats
70 creatures vanquished.

Notes
Turn   | Place    | Note
-------+----------+-------------------------------------------
     0 | D:1      | FitzyFitz the High Elf Warper began the quest for the Orb.
     0 | D:1      | Reached XP level 1. HP: 14/14 MP: 4/4
    84 | D:1      | Reached skill level 3 in Long Blades
   203 | D:1      | Reached XP level 2. HP: 19/19 MP: 6/6
   870 | D:1      | Reached skill level 4 in Long Blades
  1139 | D:1      | Learned a level 2 spell: Blink
  1142 | D:1      | Learned a level 2 spell: Shroud of Golubria
  1401 | D:2      | Reached XP level 3. HP: 24/24 MP: 7/7
  1666 | D:2      | Found an iron altar of Okawaru.
  1951 | D:2      | Found a radiant altar of Vehumet.
  1999 | D:2      | Found a glowing silver altar of Zin.
  2255 | D:2      | Found an iron altar of Okawaru.
  2382 | D:3      | Reached skill level 5 in Long Blades
  2601 | D:3      | Found a shadowy altar of Dithmenos.
  2610 | D:3      | Reached XP level 4. HP: 28/29 MP: 8/8
  2646 | D:3      | Found a burning altar of Makhleb.
  3581 | D:3      | Found a faded altar of an unknown god.
  3581 | D:3      | Found a blossoming altar of Fedhas.
  3586 | D:3      | Found a bloodstained altar of Trog.
  3588 | D:3      | Found a sparkling altar of Nemelex Xobeh.
  3589 | D:3      | Found a faded altar of an unknown god.
  4031 | D:4      | Noticed an ogre
  4052 | D:4      | Killed an ogre
  4052 | D:4      | Reached skill level 6 in Long Blades
  4052 | D:4      | Reached XP level 5. HP: 25/36 MP: 6/9
  4261 | D:4      | Slain by an iguana

Vault maps used:
D:1:      minmay_arrival_shattered_statue, st_stairs_12
D:2:      lemuel_doored_altar, marbit_many_paths,
          nicolae_overflow_crystal_walls, kennysheep_okawaru_gauntlet
D:3:      bloody_makhleb, chequers_temple_overflow_minitemple,
          old_standard_altar, grunt_ministairs_9, guppyfry_early_orc_mine
D:4:      kiku_gazebo_pond_becter, nicolae_gozag_zags_fifth_avenue, first_bread,
          st_stairs_10, uniq_menkaure, uniq_edmund

Skill      XL: |  1  2  3  4 |
---------------+-------------+-----
Long Blades    | 3 4 5 6 |  6.1
Fighting       | 3 |  3.5
Throwing       | |  1.0
Armour         | |  0.8
Dodging        | |  2.1
Spellcasting   | |  2.4
Translocations | |  3.2

Action                   |  1- 3 |  4- 6 || total
-------------------------+-------+-------++-------
Melee: Falchion          |    95 |   124 ||   219
 Fire: Hunting sling     |     4 |     4 ||     8
Throw: Tomahawk          |       |     8 ||     8
 Cast: Shroud of Golubri |     3 |     4 ||     7
  Use: Potion            |       |     1 ||     1
 Stab: Sleeping          |     2 |     3 ||     5
  Eat: Chunk             |     5 |     6 ||    11
Armor: Leather armour    |    31 |    22 ||    53
       Skin              |       |     3 ||     3
Dodge: Dodged            |    73 |    94 ||   167
       Rpst.: Falchion   |    23 |    29 ||    52
